[ PARTIDA AOE2 · #472188375 ]
Team RMRomanos vs Khmer
Equipo del jugador · DERR
[ ANÁLISIS DE REPETICIÓN · EXTRAÍDO DE LA PARTIDA GRABADA ]
Feudal
14:43
Castillos
29:00
Imperial
41:24
| APM promedio | 10.4 |
| APM pico | 29 |
| eAPM promedio | 7.5 |
| Aldeanos / militares | 91 / 293 |
Foco
⚔️ 40.5% · 🌾 59.5%
Spearman ×119 · Militia ×92 · Scorpion ×67 · Archer ×5 · Centurion ×5 · Trade Cart ×5
Feudal
12:43
Castillos
20:32
Imperial
42:49
| APM promedio | 19.0 |
| APM pico | 78 |
| eAPM promedio | 16.6 |
| Aldeanos / militares | 181 / 341 |
Foco
⚔️ 34.9% · 🌾 65.1%
Ballista Elephant ×154 · Scout Cavalry ×120 · Trade Cart ×69 · Battle Elephant ×56 · Trebuchet (Packed) ×11
Feudal
15:16
Castillos
22:12
Imperial
35:11
| APM promedio | 12.7 |
| APM pico | 45 |
| eAPM promedio | 7.1 |
| Aldeanos / militares | 91 / 136 |
Foco
⚔️ 24.0% · 🌾 76.0%
Spearman ×125 · Fishing Ship ×22 · Bombard Cannon ×8 · Mangonel ×2 · Monk ×1
Feudal
—
Castillos
—
Imperial
—
| APM promedio | 30.8 |
| APM pico | 95 |
| eAPM promedio | 17.7 |
| Aldeanos / militares | 172 / 761 |
Foco
⚔️ 31.2% · 🌾 68.8%
Scout Cavalry ×238 · Archer ×236 · Skirmisher ×130 · Spearman ×75 · Militia ×44 · Cavalry Archer ×20
Feudal
17:17
Castillos
28:35
Imperial
38:00
| APM promedio | 16.8 |
| APM pico | 37 |
| eAPM promedio | 13.4 |
| Aldeanos / militares | 164 / 380 |
Foco
⚔️ 33.6% · 🌾 66.4%
Archer ×208 · Skirmisher ×45 · Knight ×38 · War Elephant ×33 · Spearman ×25 · Trebuchet (Packed) ×20
Feudal
16:03
Castillos
20:11
Imperial
35:20
| APM promedio | 18.6 |
| APM pico | 74 |
| eAPM promedio | 11.5 |
| Aldeanos / militares | 100 / 209 |
Foco
⚔️ 28.1% · 🌾 71.9%
Spearman ×85 · Battle Elephant ×51 · Ballista Elephant ×35 · Scout Cavalry ×15 · Mangonel ×11 · Trebuchet (Packed) ×6
Feudal
18:22
Castillos
22:06
Imperial
36:59
| APM promedio | 17.2 |
| APM pico | 47 |
| eAPM promedio | 11.3 |
| Aldeanos / militares | 330 / 526 |
Foco
⚔️ 26.6% · 🌾 73.4%
Knight ×310 · Obuch ×213 · Trade Cart ×21 · Monk ×3
Feudal
14:29
Castillos
25:25
Imperial
43:58
| APM promedio | 15.2 |
| APM pico | 32 |
| eAPM promedio | 11.7 |
| Aldeanos / militares | 127 / 966 |
Foco
⚔️ 45.1% · 🌾 54.9%
Huskarl ×477 · Spearman ×413 · Militia ×56 · Trade Cart ×25 · Mangonel ×11 · Bombard Cannon ×9
Mapa de la partida
Recursos iniciales + cada clic de construcción. Líneas = muros · curvas = relieve. ◆ oro · ⬟ piedra · ● bayas · ✦ reliquia · ◌ hueco del cierre
Tu base· ✓ Cerrada en 29:00 · 64t muro · 3 puerta(s)
Base de lasttruepoet· ✓ Cerrada en 20:32 · 86t muro · sin puerta
Base de Mashi-www.kick.com/panchin123· ✓ Cerrada en 22:12 · 56t muro · 1 puerta(s)
Base de oveja83· ✓ Cerrada en 14:21 · 0t muro · sin puerta
Base de wilderbeest1· ✓ Cerrada en 28:35 · 90t muro · 2 puerta(s)
Base de DobleP· ✓ Cerrada en 20:11 · 54t muro · 2 puerta(s)
Base de guigui14970· ✓ Cerrada en 22:06 · 0t muro · sin puerta
Base de juanvitala· ✓ Cerrada en 25:25 · 0t muro · sin puerta
Terreno inicial suavizado · ◌ = hueco del cierre detectado · pasá el cursor para detalles
Inputs por minuto
— Mr. Spectate - - lasttruepoet
Build order — Mr. Spectate
Primeras 150 de 306 acciones detectadas
| 0:02 | Crear | Villager (Male) |
| 0:03 | Crear | Villager (Male) |
| 0:05 | Construir | House |
| 0:31 | Crear | Villager (Male) |
| 0:34 | Construir | House |
| 0:55 | Crear | Villager (Male) |
| 1:36 | Crear | Villager (Male) |
| 1:59 | Crear | Villager (Male) |
| 2:32 | Crear | Villager (Male) |
| 2:41 | Investigar | Loom |
| 3:19 | Crear | Villager (Male) |
| 3:20 | Crear | Villager (Male) |
| 3:21 | Crear | Villager (Male) |
| 3:58 | Crear | Villager (Male) |
| 4:00 | Crear | Villager (Male) |
| 4:14 | Construir | Outpost |
| 4:34 | Construir | House |
| 4:35 | Construir | House |
| 5:42 | Crear | Villager (Male) |
| 5:42 | Crear | Villager (Male) |
| 5:50 | Construir | Mill |
| 7:03 | Construir | Palisade Wall |
| 7:20 | Crear | Villager (Male) |
| 7:20 | Crear | Villager (Male) |
| 7:20 | Crear | Villager (Male) |
| 7:38 | Construir | Palisade Gate |
| 8:21 | Crear | Villager (Male) |
| 8:46 | Construir | Palisade Wall |
| 9:04 | Crear | Villager (Male) |
| 9:13 | Construir | Mill |
| 9:29 | Construir | Lumber Camp |
| 9:55 | Crear | Villager (Male) ×5 |
| 10:15 | Construir | House |
| 10:17 | Construir | House |
| 10:24 | Construir | House |
| 10:26 | Construir | House |
| 11:27 | Construir | Lumber Camp |
| 12:12 | Construir | Barracks |
| 12:33 | Investigar | Feudal Age |
| 14:08 | Construir | Palisade Wall |
| 14:42 | Construir | Mining Camp |
| 14:43 | Edad | Edad Feudal |
| 15:02 | Crear | Villager (Male) ×5 |
| 15:05 | Construir | Farm |
| 15:05 | Construir | Farm |
| 15:06 | Construir | Farm |
| 15:06 | Construir | Farm |
| 15:06 | Construir | Farm |
| 15:37 | Construir | Stone Wall |
| 15:59 | Construir | Farm |
| 16:11 | Investigar | Wheelbarrow |
| 16:42 | Construir | Stone Wall |
| 16:49 | Investigar | Town Watch |
| 16:54 | Investigar | Man-at-Arms (upgrade) |
| 16:57 | Investigar | Gold Mining |
| 17:15 | Investigar | Double-Bit Axe |
| 17:35 | Construir | Market |
| 17:57 | Construir | Blacksmith |
| 18:28 | Crear | Militia ×5 |
| 18:36 | Construir | House |
| 18:38 | Construir | House |
| 18:39 | Construir | House |
| 18:42 | Construir | House |
| 18:44 | Construir | House |
| 18:52 | Construir | House |
| 18:54 | Construir | House |
| 18:55 | Construir | House |
| 19:09 | Crear | Villager (Male) ×5 |
| 19:21 | Construir | Mining Camp |
| 19:44 | Construir | Watch Tower |
| 20:10 | Investigar | Horse Collar |
| 20:14 | Crear | Militia |
| 20:39 | Investigar | Scale Mail Armor |
| 21:17 | Crear | Villager (Male) ×2 |
| 21:22 | Crear | Villager (Male) |
| 21:55 | Crear | Villager (Male) |
| 22:10 | Construir | Stone Wall |
| 22:14 | Construir | Gate |
| 22:38 | Construir | Farm |
| 22:38 | Construir | Farm |
| 22:38 | Construir | Farm |
| 22:39 | Construir | Farm |
| 22:39 | Construir | Farm |
| 22:52 | Construir | Farm |
| 22:52 | Construir | Farm |
| 22:52 | Construir | Farm |
| 22:54 | Construir | Farm |
| 22:54 | Construir | Farm |
| 23:03 | Crear | Villager (Male) |
| 23:03 | Crear | Villager (Male) |
| 23:03 | Crear | Villager (Male) |
| 23:52 | Investigar | Forging |
| 24:06 | Construir | Dock |
| 24:34 | Construir | Farm |
| 24:35 | Construir | Farm |
| 24:36 | Construir | Farm |
| 24:42 | Construir | Farm |
| 24:53 | Construir | Farm |
| 25:24 | Construir | Farm |
| 25:39 | Construir | Stone Wall |
| 25:42 | Construir | Gate |
| 26:05 | Crear | Trade Cart |
| 26:20 | Investigar | Castle Age |
| 26:34 | Crear | Militia ×3 |
| 26:43 | Crear | Militia |
| 26:54 | Crear | Militia |
| 27:01 | Investigar | Fletching |
| 27:26 | Crear | Fishing Ship |
| 27:29 | Investigar | Tech 906 |
| 27:46 | Crear | Trade Cart |
| 28:24 | Crear | Fishing Ship |
| 28:49 | Crear | Villager (Male) ×5 |
| 29:00 | Edad | Edad de los Castillos |
| 29:18 | Construir | Town Center |
| 29:41 | Construir | Farm |
| 29:54 | Investigar | Chain Mail Armor |
| 29:56 | Investigar | Iron Casting |
| 29:57 | Investigar | Bodkin Arrow |
| 30:00 | Investigar | Long Swordsman (upgrade) |
| 30:01 | Investigar | Squires |
| 30:20 | Crear | Villager (Male) ×5 |
| 30:32 | Investigar | Heavy Plow |
| 30:49 | Investigar | Bow Saw |
| 31:09 | Construir | House |
| 31:10 | Construir | House |
| 31:12 | Construir | House |
| 31:14 | Construir | House |
| 31:16 | Construir | House |
| 31:17 | Construir | House |
| 31:19 | Construir | House |
| 31:21 | Construir | House |
| 31:30 | Crear | Villager (Male) ×5 |
| 31:39 | Crear | Militia |
| 31:39 | Crear | Militia |
| 31:40 | Crear | Militia |
| 31:41 | Crear | Militia |
| 31:44 | Crear | Militia |
| 31:52 | Investigar | Gillnets |
| 32:21 | Construir | University |
| 32:43 | Construir | Siege Workshop |
| 32:55 | Construir | Siege Workshop |
| 33:14 | Construir | Barracks |
| 33:16 | Construir | Barracks |
| 33:19 | Construir | Barracks |
| 33:27 | Investigar | Fortified Wall (upgrade) |
| 33:29 | Investigar | Murder Holes |
| 33:33 | Investigar | Town Patrol |
| 33:53 | Construir | Farm |
| 33:54 | Construir | Farm |
| 33:59 | Crear | Villager (Male) ×5 |
Build order — lasttruepoet
Primeras 150 de 408 acciones detectadas
| 0:02 | Investigar | Loom |
| 0:03 | Crear | Villager (Male) |
| 0:03 | Crear | Villager (Male) |
| 0:04 | Crear | Villager (Male) |
| 0:04 | Crear | Villager (Male) |
| 0:04 | Crear | Villager (Male) |
| 0:12 | Construir | House |
| 0:13 | Construir | House |
| 0:14 | Construir | House |
| 0:15 | Construir | House |
| 0:28 | Construir | Palisade Wall |
| 0:42 | Construir | Palisade Wall |
| 3:55 | Construir | Palisade Wall |
| 4:01 | Construir | Palisade Wall |
| 4:01 | Construir | Palisade Wall |
| 4:03 | Crear | Villager (Male) ×2 |
| 4:04 | Crear | Villager (Male) ×2 |
| 4:55 | Crear | Villager (Male) |
| 5:25 | Crear | Villager (Male) ×2 |
| 5:25 | Crear | Villager (Male) ×2 |
| 5:26 | Crear | Villager (Male) |
| 6:32 | Crear | Villager (Male) ×4 |
| 7:33 | Construir | Palisade Wall |
| 8:28 | Crear | Villager (Male) ×3 |
| 9:06 | Construir | Mining Camp |
| 9:15 | Crear | Villager (Male) ×2 |
| 10:16 | Investigar | Feudal Age |
| 10:51 | Construir | House |
| 10:58 | Construir | Palisade Wall |
| 11:07 | Construir | Palisade Wall |
| 12:21 | Crear | Villager (Male) ×4 |
| 12:43 | Edad | Edad Feudal |
| 12:48 | Construir | Watch Tower |
| 12:56 | Construir | Stone Wall |
| 12:58 | Construir | Stone Wall |
| 13:02 | Construir | Stone Wall |
| 13:14 | Construir | Stone Wall |
| 14:11 | Crear | Villager (Male) |
| 14:11 | Crear | Villager (Male) |
| 14:24 | Construir | Mill |
| 15:17 | Crear | Villager (Male) ×3 |
| 16:02 | Construir | Lumber Camp |
| 16:33 | Crear | Villager (Male) |
| 16:33 | Crear | Villager (Male) |
| 17:52 | Investigar | Castle Age |
| 18:05 | Construir | Mining Camp |
| 18:21 | Construir | House |
| 18:22 | Construir | House |
| 19:01 | Construir | Stone Wall |
| 19:19 | Construir | Stone Wall |
| 19:23 | Construir | Stone Wall |
| 19:27 | Construir | Stone Wall |
| 19:48 | Construir | Stone Wall |
| 19:55 | Investigar | Horse Collar |
| 19:59 | Investigar | Double-Bit Axe |
| 20:11 | Construir | Farm |
| 20:11 | Construir | Farm |
| 20:12 | Construir | Farm |
| 20:12 | Construir | Farm |
| 20:13 | Construir | Farm |
| 20:13 | Construir | Farm |
| 20:14 | Construir | Farm |
| 20:17 | Crear | Villager (Male) |
| 20:32 | Edad | Edad de los Castillos |
| 20:36 | Construir | Stone Wall |
| 20:45 | Construir | Stone Wall |
| 20:54 | Construir | Farm |
| 21:04 | Construir | Farm |
| 21:06 | Crear | Villager (Male) |
| 21:15 | Construir | Farm |
| 21:17 | Crear | Villager (Male) |
| 21:30 | Crear | Villager (Male) |
| 21:50 | Construir | Stone Wall |
| 21:54 | Construir | Outpost |
| 21:56 | Construir | Outpost |
| 21:58 | Construir | Outpost |
| 22:01 | Construir | Outpost |
| 22:04 | Construir | Outpost |
| 22:08 | Investigar | Town Watch |
| 22:30 | Construir | University |
| 22:37 | Investigar | Wheelbarrow |
| 22:58 | Construir | Stone Wall |
| 23:04 | Crear | Villager (Male) ×2 |
| 23:29 | Investigar | Fortified Wall (upgrade) |
| 23:52 | Construir | Outpost |
| 23:57 | Crear | Villager (Male) |
| 24:02 | Construir | Town Center |
| 24:03 | Construir | Farm |
| 24:04 | Construir | Farm |
| 24:04 | Construir | Farm |
| 24:05 | Construir | Farm |
| 24:05 | Construir | Farm |
| 24:07 | Crear | Villager (Male) |
| 24:11 | Construir | Farm |
| 24:30 | Construir | Farm |
| 24:31 | Crear | Villager (Male) ×2 |
| 24:40 | Construir | House |
| 24:42 | Construir | House |
| 24:53 | Construir | Farm |
| 24:57 | Construir | House |
| 25:09 | Construir | House |
| 25:10 | Construir | House |
| 25:30 | Construir | Watch Tower |
| 25:38 | Crear | Villager (Male) ×5 |
| 25:43 | Crear | Villager (Male) ×3 |
| 26:08 | Construir | Stone Wall |
| 26:12 | Construir | Stone Wall |
| 26:15 | Construir | Gate |
| 26:16 | Construir | Gate |
| 26:35 | Construir | House |
| 26:36 | Construir | House |
| 26:37 | Construir | House |
| 26:43 | Construir | Town Center |
| 26:46 | Crear | Villager (Male) ×5 |
| 26:46 | Crear | Villager (Male) ×5 |
| 26:49 | Construir | Farm |
| 26:49 | Construir | Farm |
| 26:49 | Construir | Farm |
| 26:49 | Construir | Farm |
| 26:50 | Construir | Farm |
| 27:21 | Construir | Farm |
| 27:21 | Construir | Farm |
| 27:35 | Construir | Stone Wall |
| 27:42 | Crear | Villager (Male) ×5 |
| 28:02 | Construir | House |
| 28:03 | Construir | House |
| 28:04 | Construir | House |
| 28:05 | Construir | House |
| 28:08 | Crear | Villager (Male) ×5 |
| 28:20 | Construir | Town Center |
| 28:41 | Crear | Villager (Male) ×4 |
| 28:47 | Construir | Farm |
| 28:47 | Construir | Farm |
| 28:48 | Construir | Farm |
| 28:48 | Construir | Farm |
| 28:51 | Construir | Farm |
| 29:10 | Construir | Farm |
| 29:25 | Crear | Villager (Male) ×5 |
| 29:25 | Crear | Villager (Male) |
| 29:35 | Construir | Stone Wall |
| 29:39 | Crear | Villager (Male) ×2 |
| 29:49 | Crear | Villager (Male) ×2 |
| 30:02 | Construir | Stone Wall |
| 30:05 | Construir | House |
| 30:07 | Construir | House |
| 30:08 | Construir | House |
| 30:10 | Crear | Villager (Male) ×3 |
| 30:10 | Crear | Villager (Male) ×3 |
| 30:31 | Construir | Town Center |
| 30:32 | Construir | Farm |
Build order — Mashi-www.kick.com/panchin123
Primeras 150 de 293 acciones detectadas
| 0:01 | Crear | Villager (Male) |
| 0:01 | Crear | Villager (Male) |
| 0:03 | Construir | House |
| 0:04 | Construir | House |
| 0:08 | Investigar | Loom |
| 0:08 | Crear | Villager (Male) |
| 0:09 | Crear | Villager (Male) |
| 0:09 | Crear | Villager (Male) |
| 1:06 | Construir | Palisade Wall |
| 2:16 | Construir | Palisade Wall |
| 2:26 | Crear | Villager (Male) |
| 2:27 | Crear | Villager (Male) |
| 2:39 | Crear | Villager (Male) |
| 2:39 | Crear | Villager (Male) |
| 3:37 | Construir | Palisade Wall |
| 3:45 | Crear | Villager (Male) |
| 4:05 | Construir | Lumber Camp |
| 4:14 | Crear | Villager (Male) |
| 4:48 | Crear | Villager (Male) |
| 4:48 | Crear | Villager (Male) |
| 5:30 | Crear | Villager (Male) |
| 5:54 | Construir | House |
| 5:56 | Construir | House |
| 5:57 | Crear | Villager (Male) |
| 6:20 | Crear | Villager (Male) |
| 6:20 | Crear | Villager (Male) |
| 6:49 | Crear | Villager (Male) |
| 7:35 | Crear | Villager (Male) |
| 7:36 | Crear | Villager (Male) |
| 7:37 | Crear | Villager (Male) |
| 7:37 | Crear | Villager (Male) |
| 7:54 | Construir | Dock |
| 8:01 | Construir | Dock |
| 8:50 | Crear | Fishing Ship |
| 8:50 | Crear | Fishing Ship |
| 9:11 | Crear | Villager (Male) |
| 9:14 | Construir | House |
| 9:16 | Construir | House |
| 9:17 | Crear | Fishing Ship |
| 9:38 | Crear | Villager (Male) |
| 10:24 | Crear | Villager (Male) |
| 10:30 | Construir | Mill |
| 10:33 | Crear | Fishing Ship |
| 11:50 | Crear | Villager (Male) |
| 11:51 | Crear | Villager (Male) |
| 12:17 | Construir | Palisade Wall |
| 12:38 | Crear | Villager (Male) |
| 12:48 | Crear | Fishing Ship |
| 12:48 | Crear | Fishing Ship |
| 13:06 | Investigar | Feudal Age |
| 13:10 | Crear | Fishing Ship |
| 14:59 | Crear | Villager (Male) |
| 14:59 | Crear | Villager (Male) |
| 15:16 | Edad | Edad Feudal |
| 15:43 | Construir | Stone Wall |
| 15:47 | Construir | Stone Wall |
| 15:50 | Construir | Stone Wall |
| 15:55 | Crear | Villager (Male) |
| 16:03 | Construir | Market |
| 16:07 | Construir | Blacksmith |
| 16:12 | Construir | Farm |
| 16:18 | Construir | Fish Trap |
| 16:24 | Construir | Fish Trap |
| 16:35 | Construir | Fish Trap |
| 16:56 | Construir | Mill |
| 17:04 | Crear | Villager (Male) |
| 17:04 | Crear | Villager (Male) |
| 17:09 | Construir | Mining Camp |
| 17:21 | Construir | Stone Wall |
| 17:40 | Construir | Gate |
| 17:55 | Construir | Fish Trap |
| 18:04 | Construir | Fish Trap |
| 18:08 | Crear | Villager (Male) |
| 18:09 | Crear | Villager (Male) |
| 18:23 | Construir | House |
| 19:32 | Investigar | Castle Age |
| 19:42 | Construir | Fish Trap |
| 19:46 | Construir | Fish Trap |
| 19:51 | Crear | Villager (Male) |
| 20:09 | Construir | Outpost |
| 20:28 | Construir | Mining Camp |
| 20:37 | Crear | Villager (Male) |
| 20:44 | Investigar | Double-Bit Axe |
| 21:02 | Construir | Outpost |
| 21:30 | Construir | Lumber Camp |
| 21:35 | Crear | Villager (Male) |
| 22:00 | Construir | Outpost |
| 22:12 | Edad | Edad de los Castillos |
| 22:29 | Investigar | Bow Saw |
| 22:39 | Investigar | Wheelbarrow |
| 22:39 | Investigar | Town Watch |
| 22:50 | Construir | House |
| 22:54 | Construir | House |
| 23:03 | Construir | Lumber Camp |
| 23:23 | Investigar | Tech 906 |
| 23:30 | Crear | Villager (Male) |
| 23:34 | Construir | Mining Camp |
| 24:17 | Investigar | Gillnets |
| 24:30 | Construir | Dock |
| 24:33 | Crear | Fishing Ship |
| 24:34 | Crear | Fishing Ship |
| 24:37 | Crear | Fishing Ship |
| 24:46 | Investigar | Horse Collar |
| 25:24 | Crear | Villager (Male) |
| 25:39 | Construir | Fish Trap |
| 25:43 | Crear | Fishing Ship |
| 25:49 | Crear | Fishing Ship |
| 25:49 | Crear | Fishing Ship |
| 26:05 | Crear | Villager (Male) |
| 26:06 | Crear | Villager (Male) |
| 26:12 | Construir | Town Center |
| 26:23 | Crear | Villager (Male) |
| 26:34 | Construir | Fish Trap |
| 26:45 | Construir | Fish Trap |
| 26:50 | Crear | Fishing Ship |
| 26:50 | Crear | Fishing Ship |
| 26:58 | Crear | Villager (Male) |
| 27:08 | Construir | House |
| 27:09 | Construir | House |
| 27:10 | Construir | House |
| 27:11 | Construir | House |
| 27:39 | Construir | Lumber Camp |
| 27:49 | Crear | Villager (Male) |
| 27:51 | Crear | Villager (Male) |
| 28:02 | Construir | Fish Trap |
| 28:13 | Construir | Fish Trap |
| 28:15 | Crear | Villager (Male) |
| 28:42 | Construir | Siege Workshop |
| 29:09 | Construir | Town Center |
| 29:22 | Construir | Fish Trap |
| 29:30 | Construir | Fish Trap |
| 29:37 | Crear | Villager (Male) |
| 29:38 | Crear | Villager (Male) |
| 29:42 | Crear | Villager (Male) |
| 29:42 | Crear | Villager (Male) |
| 29:49 | Crear | Mangonel |
| 29:54 | Construir | Mining Camp |
| 30:11 | Crear | Mangonel |
| 30:25 | Construir | Fish Trap |
| 30:30 | Construir | University |
| 30:33 | Crear | Villager (Male) |
| 31:10 | Construir | Monastery |
| 31:13 | Crear | Villager (Male) |
| 31:14 | Crear | Villager (Male) |
| 31:16 | Investigar | Hand Cart |
| 31:17 | Investigar | Town Patrol |
| 31:25 | Crear | Fishing Ship |
| 31:25 | Crear | Fishing Ship |
| 32:01 | Investigar | Imperial Age |
| 32:03 | Crear | Villager (Male) |
Build order — oveja83
Primeras 150 de 619 acciones detectadas
| 0:02 | Crear | Villager (Male) ×4 |
| 0:05 | Construir | House |
| 0:08 | Construir | House |
| 1:38 | Crear | Villager (Male) |
| 1:38 | Crear | Villager (Male) |
| 2:04 | Crear | Villager (Male) |
| 2:04 | Crear | Villager (Male) |
| 2:16 | Construir | Lumber Camp |
| 2:35 | Crear | Villager (Male) |
| 2:35 | Crear | Villager (Male) |
| 2:48 | Crear | Villager (Male) |
| 2:48 | Crear | Villager (Male) |
| 3:15 | Crear | Villager (Male) |
| 3:16 | Crear | Villager (Male) |
| 3:35 | Crear | Villager (Male) |
| 3:35 | Crear | Villager (Male) |
| 3:35 | Crear | Villager (Male) |
| 3:43 | Crear | Villager (Male) |
| 3:43 | Crear | Villager (Male) |
| 4:08 | Construir | House |
| 4:14 | Crear | Villager (Male) |
| 4:14 | Crear | Villager (Male) |
| 4:14 | Crear | Villager (Male) |
| 5:10 | Crear | Villager (Male) |
| 5:10 | Crear | Villager (Male) |
| 5:27 | Crear | Villager (Male) |
| 5:54 | Construir | Mill |
| 6:01 | Crear | Villager (Male) |
| 6:01 | Crear | Villager (Male) |
| 6:01 | Crear | Villager (Male) |
| 6:05 | Construir | House |
| 6:28 | Crear | Villager (Male) |
| 7:03 | Crear | Villager (Male) |
| 7:12 | Crear | Villager (Male) |
| 7:34 | Crear | Villager (Male) |
| 7:44 | Construir | House |
| 7:45 | Construir | House |
| 7:48 | Construir | House |
| 7:50 | Crear | Villager (Male) |
| 7:55 | Crear | Villager (Male) |
| 9:06 | Investigar | Feudal Age |
| 9:40 | Construir | Mill |
| 10:36 | Construir | House |
| 10:41 | Construir | House |
| 11:37 | Construir | Farm |
| 11:41 | Construir | Farm |
| 11:44 | Construir | Farm |
| 11:48 | Construir | Farm |
| 11:57 | Crear | Villager (Male) |
| 11:57 | Crear | Villager (Male) |
| 12:09 | Construir | Farm |
| 12:12 | Construir | Farm |
| 12:13 | Construir | Farm |
| 12:20 | Construir | Market |
| 12:25 | Construir | Blacksmith |
| 12:30 | Crear | Villager (Male) |
| 12:55 | Construir | Farm |
| 13:03 | Crear | Villager (Male) |
| 14:21 | Investigar | Castle Age |
| 14:29 | Construir | Lumber Camp |
| 14:50 | Investigar | Double-Bit Axe |
| 15:46 | Construir | Dock |
| 16:01 | Construir | Lumber Camp |
| 16:49 | Construir | Barracks |
| 17:01 | Construir | Blacksmith |
| 17:10 | Investigar | Bow Saw |
| 17:13 | Crear | Villager (Male) |
| 17:13 | Crear | Villager (Male) |
| 17:13 | Crear | Villager (Male) |
| 17:21 | Construir | Town Center |
| 17:36 | Crear | Fishing Ship |
| 17:39 | Crear | Fishing Ship |
| 17:42 | Construir | Archery Range |
| 17:52 | Crear | Villager (Male) |
| 18:28 | Crear | Archer |
| 18:28 | Crear | Archer |
| 18:43 | Crear | Cavalry Archer |
| 18:44 | Crear | Cavalry Archer |
| 19:00 | Crear | Villager (Male) |
| 19:05 | Construir | Stable |
| 19:07 | Crear | Villager (Male) |
| 19:08 | Crear | Villager (Male) |
| 19:11 | Crear | Villager (Male) |
| 19:11 | Crear | Villager (Male) |
| 19:15 | Construir | Archery Range |
| 19:24 | Construir | Mining Camp |
| 19:32 | Investigar | Loom |
| 19:39 | Crear | Fishing Ship |
| 19:40 | Crear | Fishing Ship |
| 19:53 | Construir | Mining Camp |
| 20:39 | Crear | Cavalry Archer |
| 20:39 | Crear | Cavalry Archer |
| 21:23 | Crear | Cavalry Archer |
| 21:23 | Crear | Cavalry Archer |
| 21:23 | Crear | Cavalry Archer |
| 21:24 | Crear | Villager (Male) |
| 21:24 | Crear | Villager (Male) |
| 21:24 | Crear | Villager (Male) |
| 21:28 | Crear | Villager (Male) |
| 21:28 | Crear | Villager (Male) |
| 21:33 | Construir | Town Center |
| 21:41 | Construir | Lumber Camp |
| 21:48 | Investigar | Horse Collar |
| 21:49 | Crear | Fishing Ship |
| 21:49 | Crear | Fishing Ship |
| 22:10 | Crear | Cavalry Archer |
| 22:11 | Crear | Cavalry Archer |
| 22:11 | Crear | Cavalry Archer |
| 22:24 | Investigar | Fletching |
| 22:25 | Investigar | Padded Archer Armor |
| 22:32 | Construir | Blacksmith |
| 22:38 | Crear | Villager (Male) |
| 22:38 | Crear | Villager (Male) |
| 22:43 | Construir | Farm |
| 22:43 | Construir | Farm |
| 22:44 | Construir | Farm |
| 22:44 | Construir | Farm |
| 22:44 | Construir | Farm |
| 22:44 | Construir | Farm |
| 22:44 | Construir | Farm |
| 22:45 | Construir | Farm |
| 22:47 | Construir | House |
| 22:52 | Construir | House |
| 22:55 | Crear | Villager (Male) |
| 22:56 | Crear | Villager (Male) |
| 23:29 | Crear | Villager (Male) |
| 23:40 | Construir | Siege Workshop |
| 23:42 | Crear | Villager (Male) |
| 23:42 | Crear | Villager (Male) |
| 23:44 | Crear | Villager (Male) |
| 23:45 | Crear | Villager (Male) |
| 24:01 | Construir | Farm |
| 24:11 | Construir | Farm |
| 24:12 | Construir | Farm |
| 24:12 | Construir | Farm |
| 24:12 | Construir | Farm |
| 24:13 | Construir | Farm |
| 24:13 | Construir | Farm |
| 24:19 | Crear | Villager (Male) |
| 24:19 | Crear | Villager (Male) |
| 24:22 | Crear | Villager (Male) |
| 24:22 | Crear | Villager (Male) |
| 24:39 | Construir | Farm |
| 24:39 | Construir | Farm |
| 24:39 | Construir | Farm |
| 24:39 | Construir | Farm |
| 24:42 | Crear | Villager (Male) |
| 24:42 | Crear | Villager (Male) |
| 24:48 | Crear | Villager (Male) |
| 24:48 | Crear | Villager (Male) |
Build order — wilderbeest1
Primeras 150 de 545 acciones detectadas
| 0:04 | Crear | Villager (Male) |
| 0:05 | Investigar | Loom |
| 0:05 | Crear | Villager (Male) ×4 |
| 0:10 | Construir | House |
| 0:12 | Construir | House |
| 1:50 | Construir | Palisade Wall |
| 2:57 | Construir | House |
| 3:18 | Crear | Villager (Male) |
| 3:56 | Construir | Palisade Wall |
| 4:11 | Crear | Villager (Male) |
| 4:20 | Construir | House |
| 4:45 | Crear | Villager (Male) |
| 5:08 | Construir | House |
| 5:10 | Construir | House |
| 5:13 | Construir | House |
| 5:22 | Crear | Villager (Male) |
| 6:25 | Construir | House |
| 6:27 | Crear | Villager (Male) ×2 |
| 7:15 | Crear | Villager (Male) ×2 |
| 7:33 | Construir | Palisade Wall |
| 7:56 | Crear | Villager (Male) |
| 8:13 | Crear | Villager (Male) |
| 8:45 | Construir | Mill |
| 9:55 | Crear | Villager (Male) ×3 |
| 9:59 | Crear | Villager (Male) |
| 10:15 | Crear | Villager (Male) |
| 11:19 | Crear | Villager (Male) |
| 11:58 | Crear | Villager (Male) |
| 12:14 | Crear | Villager (Male) |
| 12:51 | Construir | Lumber Camp |
| 13:16 | Crear | Villager (Male) |
| 13:17 | Crear | Villager (Male) |
| 13:17 | Crear | Villager (Male) |
| 14:29 | Construir | Palisade Wall |
| 14:43 | Construir | Mining Camp |
| 15:11 | Construir | Mining Camp |
| 15:13 | Investigar | Feudal Age |
| 15:51 | Construir | Barracks |
| 16:14 | Construir | Dock |
| 17:15 | Crear | Villager (Male) |
| 17:15 | Crear | Villager (Male) |
| 17:15 | Crear | Villager (Male) |
| 17:16 | Crear | Villager (Male) |
| 17:16 | Crear | Villager (Male) |
| 17:17 | Edad | Edad Feudal |
| 17:23 | Construir | Mill |
| 17:59 | Construir | Farm |
| 17:59 | Construir | Farm |
| 18:00 | Construir | Farm |
| 18:01 | Construir | Farm |
| 18:02 | Construir | Farm |
| 18:46 | Construir | Market |
| 19:11 | Crear | Villager (Male) |
| 19:28 | Construir | Blacksmith |
| 20:25 | Crear | Villager (Male) |
| 20:51 | Construir | Mining Camp |
| 21:22 | Construir | Stone Wall |
| 21:31 | Construir | Gate |
| 21:34 | Crear | Villager (Male) |
| 22:16 | Construir | Stone Wall |
| 22:40 | Crear | Villager (Male) |
| 22:55 | Crear | Fishing Ship |
| 22:55 | Crear | Fishing Ship |
| 22:55 | Crear | Fishing Ship |
| 23:13 | Construir | Gate |
| 23:32 | Crear | Villager (Male) |
| 23:49 | Construir | Farm |
| 24:14 | Crear | Villager (Male) |
| 24:41 | Construir | Mining Camp |
| 24:45 | Crear | Villager (Male) |
| 24:58 | Construir | House |
| 24:59 | Construir | House |
| 25:00 | Construir | House |
| 25:00 | Construir | House |
| 25:00 | Construir | House |
| 25:01 | Construir | House |
| 25:01 | Construir | House |
| 25:01 | Construir | House |
| 25:01 | Construir | House |
| 25:02 | Construir | House |
| 25:02 | Construir | House |
| 25:03 | Construir | House |
| 25:45 | Construir | Farm |
| 26:05 | Construir | Stone Wall |
| 26:10 | Investigar | Castle Age |
| 26:26 | Investigar | Horse Collar |
| 26:52 | Investigar | Double-Bit Axe |
| 27:46 | Construir | Mining Camp |
| 27:52 | Crear | Villager (Male) ×5 |
| 28:35 | Edad | Edad de los Castillos |
| 28:38 | Construir | Farm |
| 28:40 | Construir | Farm |
| 28:42 | Construir | Farm |
| 28:43 | Construir | Farm |
| 28:44 | Construir | Farm |
| 28:45 | Construir | Farm |
| 28:46 | Construir | Farm |
| 28:47 | Construir | Farm |
| 28:47 | Construir | Farm |
| 29:03 | Construir | Farm |
| 29:10 | Construir | Town Center |
| 29:17 | Crear | Villager (Male) |
| 29:17 | Crear | Villager (Male) |
| 29:58 | Crear | Villager (Male) |
| 30:14 | Construir | Stable |
| 30:57 | Crear | Villager (Male) |
| 30:58 | Crear | Villager (Male) |
| 30:58 | Crear | Villager (Male) |
| 30:58 | Crear | Villager (Male) |
| 30:58 | Crear | Villager (Male) |
| 31:42 | Construir | Castle |
| 32:04 | Construir | Town Center |
| 32:13 | Crear | Villager (Male) |
| 32:13 | Crear | Villager (Male) |
| 32:13 | Crear | Villager (Male) |
| 32:13 | Crear | Villager (Male) |
| 32:14 | Crear | Villager (Male) |
| 32:14 | Crear | Villager (Male) |
| 32:23 | Construir | Farm |
| 32:58 | Crear | Villager (Male) |
| 32:58 | Crear | Villager (Male) |
| 32:58 | Crear | Villager (Male) |
| 32:58 | Crear | Villager (Male) |
| 33:11 | Construir | Town Center |
| 33:43 | Crear | Villager (Male) |
| 33:44 | Crear | Villager (Male) |
| 33:44 | Crear | Villager (Male) |
| 33:44 | Crear | Villager (Male) |
| 33:44 | Crear | Villager (Male) |
| 33:45 | Crear | Villager (Male) |
| 33:59 | Construir | Mining Camp |
| 34:10 | Crear | Villager (Male) |
| 34:11 | Crear | Villager (Male) |
| 34:11 | Crear | Villager (Male) |
| 34:11 | Crear | Villager (Male) |
| 34:11 | Crear | Villager (Male) |
| 34:31 | Construir | Monastery |
| 34:58 | Construir | Fish Trap |
| 35:00 | Construir | Fish Trap |
| 35:02 | Construir | Fish Trap |
| 35:15 | Investigar | Imperial Age |
| 35:19 | Crear | Monk |
| 35:19 | Investigar | Fervor |
| 35:31 | Construir | Farm |
| 35:31 | Construir | Farm |
| 35:42 | Construir | Farm |
| 35:43 | Construir | Farm |
| 35:44 | Construir | Farm |
| 35:45 | Construir | Farm |
| 35:48 | Crear | Villager (Male) |
Build order — DobleP
Primeras 150 de 359 acciones detectadas
| 0:01 | Investigar | Loom |
| 0:04 | Construir | House |
| 0:05 | Construir | House |
| 0:05 | Construir | House |
| 0:12 | Crear | Villager (Male) ×4 |
| 0:40 | Construir | Palisade Wall |
| 3:04 | Crear | Villager (Male) |
| 3:04 | Crear | Villager (Male) |
| 3:04 | Crear | Villager (Male) |
| 3:37 | Crear | Villager (Male) |
| 3:37 | Crear | Villager (Male) |
| 4:13 | Crear | Villager (Male) |
| 4:25 | Construir | Palisade Wall |
| 4:49 | Construir | Palisade Gate |
| 5:01 | Crear | Villager (Male) |
| 5:01 | Crear | Villager (Male) |
| 5:01 | Crear | Villager (Male) |
| 5:39 | Construir | Palisade Wall |
| 5:51 | Crear | Villager (Male) |
| 6:18 | Crear | Villager (Male) |
| 6:48 | Construir | Palisade Wall |
| 6:52 | Crear | Villager (Male) |
| 7:15 | Crear | Villager (Male) |
| 7:42 | Crear | Villager (Male) |
| 7:46 | Construir | Mill |
| 7:47 | Construir | House |
| 7:48 | Construir | House |
| 7:49 | Construir | House |
| 8:23 | Crear | Villager (Male) |
| 8:45 | Crear | Villager (Male) |
| 8:58 | Construir | Palisade Wall |
| 9:04 | Crear | Villager (Male) |
| 9:36 | Crear | Villager (Male) |
| 10:01 | Crear | Villager (Male) |
| 10:06 | Construir | Lumber Camp |
| 10:47 | Crear | Villager (Male) |
| 10:47 | Crear | Villager (Male) |
| 10:56 | Construir | Mining Camp |
| 11:02 | Construir | Mining Camp |
| 11:05 | Crear | Villager (Male) |
| 11:17 | Construir | Palisade Wall |
| 12:26 | Construir | Palisade Wall |
| 12:33 | Crear | Villager (Male) |
| 12:33 | Crear | Villager (Male) |
| 13:06 | Construir | Palisade Gate |
| 13:15 | Crear | Villager (Male) |
| 13:28 | Construir | Palisade Gate |
| 13:53 | Investigar | Feudal Age |
| 16:01 | Crear | Villager (Male) |
| 16:01 | Crear | Villager (Male) |
| 16:03 | Edad | Edad Feudal |
| 16:34 | Construir | Farm |
| 16:35 | Crear | Villager (Male) |
| 16:54 | Construir | Farm |
| 17:20 | Construir | Mill |
| 17:28 | Construir | Farm |
| 17:28 | Construir | Farm |
| 17:30 | Construir | Farm |
| 17:31 | Investigar | Castle Age |
| 17:58 | Construir | Stone Wall |
| 18:53 | Construir | Stable |
| 19:00 | Construir | Blacksmith |
| 19:01 | Construir | House |
| 19:03 | Construir | House |
| 19:04 | Construir | House |
| 19:29 | Investigar | Double-Bit Axe |
| 19:31 | Investigar | Horse Collar |
| 20:06 | Crear | Villager (Male) |
| 20:07 | Crear | Villager (Male) |
| 20:11 | Edad | Edad de los Castillos |
| 20:14 | Construir | Town Center |
| 20:53 | Crear | Villager (Male) |
| 21:12 | Construir | Stone Wall |
| 21:21 | Construir | Monastery |
| 21:24 | Construir | House |
| 21:24 | Construir | House |
| 21:27 | Crear | Villager (Male) |
| 21:30 | Crear | Villager (Male) |
| 21:41 | Crear | Villager (Male) |
| 21:41 | Crear | Villager (Male) |
| 21:53 | Investigar | Wheelbarrow |
| 22:13 | Crear | Villager (Male) |
| 22:21 | Crear | Monk |
| 22:27 | Construir | Stable |
| 22:28 | Crear | Battle Elephant |
| 22:53 | Crear | Villager (Male) |
| 23:07 | Investigar | Gold Mining |
| 23:21 | Construir | House |
| 23:22 | Construir | House |
| 23:22 | Construir | House |
| 23:22 | Construir | House |
| 23:24 | Construir | House |
| 23:25 | Construir | House |
| 23:36 | Construir | Castle |
| 23:38 | Crear | Villager (Male) |
| 23:38 | Crear | Villager (Male) |
| 23:42 | Crear | Villager (Male) |
| 23:43 | Crear | Villager (Male) |
| 23:53 | Construir | Lumber Camp |
| 24:06 | Investigar | Fervor |
| 24:08 | Construir | Farm |
| 24:09 | Crear | Villager (Male) |
| 24:27 | Crear | Villager (Male) |
| 24:31 | Construir | Farm |
| 24:33 | Crear | Villager (Male) |
| 24:50 | Crear | Monk |
| 24:58 | Construir | Farm |
| 25:02 | Crear | Villager (Male) |
| 25:26 | Crear | Villager (Male) |
| 25:28 | Construir | Farm |
| 25:30 | Crear | Villager (Male) |
| 25:33 | Construir | Lumber Camp |
| 25:42 | Crear | Villager (Male) |
| 25:43 | Crear | Villager (Male) |
| 25:59 | Crear | Villager (Male) |
| 26:09 | Construir | University |
| 26:13 | Construir | Farm |
| 26:14 | Crear | Villager (Male) |
| 26:18 | Crear | Villager (Male) |
| 26:33 | Construir | Siege Workshop |
| 26:38 | Construir | Farm |
| 26:39 | Crear | Villager (Male) |
| 26:45 | Crear | Villager (Male) |
| 27:22 | Crear | Villager (Male) |
| 27:26 | Construir | Farm |
| 27:26 | Construir | Farm |
| 27:27 | Crear | Villager (Male) |
| 27:27 | Crear | Villager (Male) |
| 27:50 | Crear | Villager (Male) |
| 27:57 | Construir | Farm |
| 27:58 | Crear | Villager (Male) |
| 28:05 | Construir | Siege Workshop |
| 28:26 | Crear | Villager (Male) |
| 28:30 | Construir | Farm |
| 28:33 | Construir | Farm |
| 28:34 | Crear | Villager (Male) |
| 28:37 | Crear | Villager (Male) |
| 28:38 | Crear | Villager (Male) |
| 28:48 | Construir | Farm |
| 28:48 | Crear | Villager (Male) |
| 28:53 | Construir | Mining Camp |
| 29:04 | Construir | Stable |
| 29:10 | Construir | Farm |
| 29:10 | Crear | Villager (Male) |
| 29:13 | Construir | Farm |
| 29:31 | Construir | Farm |
| 29:32 | Crear | Villager (Male) |
| 29:38 | Construir | Farm |
| 29:48 | Construir | Mining Camp |
| 29:58 | Construir | Mining Camp |
Build order — guigui14970
Primeras 150 de 462 acciones detectadas
| 0:03 | Construir | House |
| 0:05 | Construir | House |
| 0:08 | Construir | House |
| 0:10 | Crear | Villager (Male) ×4 |
| 0:10 | Crear | Villager (Male) ×4 |
| 1:57 | Crear | Villager (Male) |
| 1:58 | Crear | Villager (Male) |
| 1:58 | Crear | Villager (Male) |
| 2:00 | Crear | Villager (Male) |
| 2:14 | Crear | Villager (Male) |
| 2:15 | Crear | Villager (Male) |
| 2:28 | Crear | Villager (Male) |
| 3:01 | Crear | Villager (Male) |
| 3:37 | Crear | Villager (Male) |
| 3:38 | Crear | Villager (Male) |
| 3:38 | Crear | Villager (Male) |
| 3:39 | Crear | Villager (Male) |
| 3:39 | Crear | Villager (Male) |
| 3:40 | Crear | Villager (Male) |
| 3:40 | Crear | Villager (Male) |
| 3:49 | Crear | Villager (Male) |
| 3:49 | Crear | Villager (Male) |
| 3:50 | Crear | Villager (Male) |
| 3:50 | Crear | Villager (Male) |
| 3:50 | Crear | Villager (Male) |
| 4:15 | Construir | Mill |
| 4:29 | Investigar | Loom |
| 4:57 | Construir | Farm |
| 4:59 | Crear | Villager (Male) |
| 5:00 | Crear | Villager (Male) |
| 5:37 | Crear | Villager (Male) |
| 5:57 | Construir | Lumber Camp |
| 5:59 | Crear | Villager (Male) |
| 6:13 | Crear | Villager (Male) |
| 6:50 | Crear | Villager (Male) |
| 6:55 | Construir | Farm |
| 7:01 | Crear | Villager (Male) |
| 7:19 | Crear | Villager (Male) |
| 7:44 | Crear | Villager (Male) |
| 7:44 | Crear | Villager (Male) |
| 8:20 | Crear | Villager (Male) |
| 8:21 | Crear | Villager (Male) |
| 8:21 | Crear | Villager (Male) |
| 9:02 | Construir | House |
| 9:04 | Construir | House |
| 9:06 | Construir | House |
| 9:08 | Construir | House |
| 9:11 | Crear | Villager (Male) |
| 9:11 | Crear | Villager (Male) |
| 9:17 | Crear | Villager (Male) |
| 9:25 | Construir | Farm |
| 9:43 | Crear | Villager (Male) |
| 9:54 | Construir | Farm |
| 9:57 | Crear | Villager (Male) |
| 10:16 | Construir | Farm |
| 10:23 | Construir | Farm |
| 10:26 | Construir | Farm |
| 10:28 | Construir | Farm |
| 10:31 | Construir | Farm |
| 10:33 | Construir | Farm |
| 10:39 | Construir | Farm |
| 10:44 | Crear | Villager (Male) |
| 10:44 | Crear | Villager (Male) |
| 10:44 | Crear | Villager (Male) |
| 10:45 | Crear | Villager (Male) |
| 10:45 | Crear | Villager (Male) |
| 10:48 | Construir | Farm |
| 10:50 | Crear | Villager (Male) |
| 11:06 | Crear | Villager (Male) |
| 11:13 | Construir | Farm |
| 11:14 | Crear | Villager (Male) |
| 11:40 | Crear | Villager (Male) |
| 11:41 | Crear | Villager (Male) |
| 11:45 | Construir | Farm |
| 12:02 | Construir | Farm |
| 12:03 | Crear | Villager (Male) |
| 12:03 | Crear | Villager (Male) |
| 12:12 | Construir | Farm |
| 12:15 | Crear | Villager (Male) |
| 12:16 | Crear | Villager (Male) |
| 12:58 | Crear | Villager (Male) |
| 12:59 | Crear | Villager (Male) |
| 13:29 | Construir | Mining Camp |
| 13:51 | Crear | Villager (Male) |
| 14:06 | Construir | Lumber Camp |
| 14:25 | Crear | Villager (Male) |
| 14:52 | Crear | Villager (Male) |
| 15:15 | Crear | Villager (Male) |
| 15:43 | Crear | Villager (Male) |
| 16:12 | Investigar | Feudal Age |
| 18:19 | Crear | Villager (Male) |
| 18:19 | Crear | Villager (Male) |
| 18:22 | Edad | Edad Feudal |
| 18:35 | Construir | Blacksmith |
| 18:43 | Construir | Market |
| 19:26 | Investigar | Castle Age |
| 19:49 | Construir | Farm |
| 19:50 | Construir | Farm |
| 19:51 | Construir | Farm |
| 19:51 | Construir | Farm |
| 19:54 | Investigar | Horse Collar |
| 20:00 | Investigar | Double-Bit Axe |
| 20:09 | Investigar | Stone Mining |
| 20:44 | Construir | Lumber Camp |
| 20:50 | Construir | Lumber Camp |
| 21:20 | Construir | Farm |
| 21:28 | Construir | House |
| 21:30 | Construir | House |
| 21:33 | Construir | House |
| 21:34 | Construir | House |
| 21:36 | Construir | House |
| 21:37 | Construir | House |
| 21:40 | Construir | House |
| 21:43 | Construir | House |
| 21:46 | Crear | Villager (Male) |
| 21:46 | Crear | Villager (Male) |
| 21:47 | Crear | Villager (Male) |
| 21:48 | Crear | Villager (Male) ×5 |
| 21:54 | Investigar | Wheelbarrow |
| 22:06 | Edad | Edad de los Castillos |
| 22:19 | Construir | Town Center |
| 22:26 | Construir | Town Center |
| 22:38 | Construir | Town Center |
| 22:56 | Construir | Town Center |
| 22:57 | Crear | Trade Cart |
| 22:58 | Crear | Trade Cart |
| 23:13 | Crear | Villager (Male) ×5 |
| 23:13 | Crear | Villager (Male) ×5 |
| 23:21 | Investigar | Bow Saw |
| 23:35 | Investigar | Heavy Plow |
| 23:35 | Investigar | Heavy Plow |
| 23:36 | Investigar | Heavy Plow |
| 23:36 | Investigar | Heavy Plow |
| 23:40 | Crear | Villager (Male) ×5 |
| 23:40 | Crear | Villager (Male) ×5 |
| 23:40 | Crear | Villager (Male) ×5 |
| 23:41 | Crear | Villager (Male) ×5 |
| 23:41 | Crear | Villager (Male) ×5 |
| 23:51 | Construir | Farm |
| 24:01 | Crear | Villager (Male) |
| 24:01 | Crear | Villager (Male) |
| 24:01 | Crear | Villager (Male) |
| 24:02 | Crear | Villager (Male) |
| 24:07 | Construir | Farm |
| 24:13 | Construir | Farm |
| 24:19 | Crear | Villager (Male) |
| 24:20 | Crear | Villager (Male) |
| 24:28 | Construir | Farm |
| 24:31 | Construir | Farm |
| 24:35 | Construir | Farm |
Build order — juanvitala
Primeras 150 de 602 acciones detectadas
| 0:03 | Crear | Villager (Male) |
| 0:03 | Crear | Villager (Male) |
| 0:03 | Crear | Villager (Male) |
| 0:05 | Construir | House |
| 0:08 | Construir | House |
| 0:54 | Crear | Villager (Male) |
| 0:54 | Crear | Villager (Male) |
| 0:54 | Crear | Villager (Male) |
| 2:22 | Crear | Villager (Male) |
| 2:22 | Crear | Villager (Male) |
| 2:22 | Crear | Villager (Male) |
| 2:23 | Crear | Villager (Male) |
| 2:23 | Crear | Villager (Male) |
| 3:06 | Crear | Villager (Male) |
| 3:06 | Crear | Villager (Male) |
| 3:06 | Crear | Villager (Male) |
| 3:07 | Crear | Villager (Male) |
| 3:21 | Construir | House |
| 3:23 | Construir | House |
| 3:25 | Construir | House |
| 3:41 | Crear | Villager (Male) |
| 4:53 | Crear | Villager (Male) |
| 4:53 | Crear | Villager (Male) |
| 4:54 | Crear | Villager (Male) |
| 4:54 | Crear | Villager (Male) |
| 4:54 | Crear | Villager (Male) |
| 5:02 | Construir | Lumber Camp |
| 5:41 | Crear | Villager (Male) |
| 5:41 | Crear | Villager (Male) |
| 6:09 | Crear | Villager (Male) |
| 6:10 | Crear | Villager (Male) |
| 7:08 | Crear | Villager (Male) |
| 7:08 | Crear | Villager (Male) |
| 7:44 | Construir | Mill |
| 7:56 | Construir | House |
| 8:00 | Construir | House |
| 8:03 | Construir | House |
| 8:19 | Crear | Villager (Male) |
| 9:20 | Construir | Mill |
| 9:37 | Crear | Villager (Male) |
| 9:38 | Crear | Villager (Male) |
| 9:38 | Crear | Villager (Male) |
| 10:32 | Crear | Villager (Male) |
| 11:00 | Crear | Villager (Male) |
| 11:42 | Crear | Villager (Male) |
| 12:19 | Investigar | Feudal Age |
| 12:38 | Construir | Mining Camp |
| 12:54 | Construir | Farm |
| 12:56 | Construir | Farm |
| 12:58 | Construir | Farm |
| 13:04 | Crear | Villager (Male) |
| 13:04 | Crear | Villager (Male) |
| 13:26 | Crear | Villager (Male) |
| 14:23 | Construir | Barracks |
| 14:29 | Edad | Edad Feudal |
| 14:29 | Crear | Villager (Male) |
| 14:29 | Crear | Villager (Male) |
| 15:01 | Investigar | Man-at-Arms (upgrade) |
| 15:03 | Crear | Militia |
| 15:03 | Crear | Militia |
| 15:03 | Crear | Militia |
| 15:15 | Construir | House |
| 15:16 | Construir | House |
| 15:19 | Construir | House |
| 15:24 | Construir | Blacksmith |
| 15:37 | Investigar | Double-Bit Axe |
| 15:42 | Crear | Militia |
| 15:42 | Crear | Militia |
| 16:17 | Crear | Villager (Male) |
| 16:17 | Crear | Villager (Male) |
| 16:25 | Construir | Farm |
| 16:27 | Construir | Farm |
| 16:28 | Construir | Farm |
| 16:35 | Construir | Farm |
| 16:36 | Construir | Farm |
| 16:38 | Construir | Farm |
| 16:45 | Crear | Villager (Male) |
| 17:20 | Crear | Militia |
| 17:20 | Crear | Militia |
| 17:31 | Crear | Villager (Male) |
| 17:33 | Crear | Villager (Male) |
| 17:41 | Construir | House |
| 17:42 | Construir | House |
| 17:50 | Investigar | Forging |
| 17:52 | Investigar | Scale Mail Armor |
| 18:51 | Crear | Villager (Male) |
| 18:51 | Crear | Villager (Male) |
| 18:51 | Crear | Villager (Male) |
| 19:03 | Construir | Mining Camp |
| 19:55 | Construir | Farm |
| 20:52 | Construir | House |
| 20:53 | Construir | House |
| 20:54 | Construir | House |
| 20:55 | Construir | House |
| 20:57 | Construir | House |
| 20:58 | Construir | House |
| 21:05 | Crear | Villager (Male) |
| 21:05 | Crear | Villager (Male) |
| 21:06 | Crear | Villager (Male) |
| 21:31 | Construir | Market |
| 21:41 | Construir | Farm |
| 22:13 | Construir | House |
| 22:25 | Construir | Farm |
| 22:46 | Investigar | Castle Age |
| 22:51 | Construir | Farm |
| 23:15 | Construir | Mining Camp |
| 23:32 | Construir | Barracks |
| 23:45 | Construir | Lumber Camp |
| 23:51 | Crear | Villager (Male) |
| 23:52 | Crear | Villager (Male) |
| 23:52 | Crear | Villager (Male) |
| 24:07 | Crear | Trade Cart |
| 24:07 | Crear | Trade Cart |
| 24:07 | Crear | Trade Cart |
| 24:07 | Crear | Trade Cart |
| 24:33 | Crear | Villager (Male) |
| 24:34 | Crear | Villager (Male) |
| 24:59 | Crear | Villager (Male) |
| 24:59 | Crear | Villager (Male) |
| 25:25 | Edad | Edad de los Castillos |
| 25:30 | Construir | Town Center |
| 25:49 | Construir | Town Center |
| 26:01 | Construir | Town Center |
| 26:06 | Crear | Villager (Male) |
| 26:06 | Crear | Villager (Male) |
| 26:10 | Crear | Villager (Male) |
| 26:11 | Crear | Villager (Male) |
| 26:11 | Crear | Villager (Male) |
| 27:09 | Investigar | Caravan |
| 27:12 | Crear | Villager (Male) |
| 27:12 | Crear | Villager (Male) |
| 27:12 | Crear | Villager (Male) |
| 27:15 | Crear | Villager (Male) |
| 27:16 | Crear | Villager (Male) |
| 27:27 | Crear | Villager (Male) |
| 27:27 | Crear | Villager (Male) |
| 27:28 | Crear | Villager (Male) |
| 27:28 | Crear | Villager (Male) |
| 27:35 | Crear | Villager (Male) |
| 27:56 | Crear | Trade Cart |
| 27:56 | Crear | Trade Cart |
| 27:57 | Crear | Trade Cart |
| 27:57 | Crear | Trade Cart |
| 27:57 | Crear | Trade Cart |
| 28:04 | Construir | Farm |
| 28:12 | Construir | Farm |
| 28:17 | Crear | Villager (Male) |
| 28:17 | Crear | Villager (Male) |
| 28:20 | Crear | Villager (Male) |
| 28:21 | Crear | Villager (Male) |
Cronología de la partida
| 0:28 | lasttruepoet · wall_segment Palisade Wall x11 |
| 0:40 | DobleP · wall_segment Palisade Wall x12 |
| 0:42 | lasttruepoet · wall_segment Palisade Wall x11 |
| 1:06 | Mashi-www.kick.com/panchin123 · wall_segment Palisade Wall x10 |
| 1:50 | wilderbeest1 · wall_segment Palisade Wall x11 |
| 2:16 | Mashi-www.kick.com/panchin123 · wall_segment Palisade Wall x4 |
| 3:37 | Mashi-www.kick.com/panchin123 · wall_segment Palisade Wall x8 |
| 3:55 | lasttruepoet · wall_segment Palisade Wall x9 |
| 3:56 | wilderbeest1 · wall_segment Palisade Wall x11 |
| 4:01 | lasttruepoet · wall_segment Palisade Wall x9 |
| 4:01 | lasttruepoet · wall_segment Palisade Wall x1 |
| 4:25 | DobleP · wall_segment Palisade Wall x12 |
| 5:39 | DobleP · wall_segment Palisade Wall x11 |
| 6:48 | DobleP · wall_segment Palisade Wall x8 |
| 7:03 | Mr. Spectate · wall_segment Palisade Wall x7 |
| 7:33 | wilderbeest1 · wall_segment Palisade Wall x9 |
| 7:33 | lasttruepoet · wall_segment Palisade Wall x2 |
| 7:54 | Mashi-www.kick.com/panchin123 · first_building Dock |
| 8:46 | Mr. Spectate · wall_segment Palisade Wall x6 |
| 8:58 | DobleP · wall_segment Palisade Wall x8 |
| 10:58 | lasttruepoet · wall_segment Palisade Wall x1 |
| 11:07 | lasttruepoet · wall_segment Palisade Wall x1 |
| 11:17 | DobleP · wall_segment Palisade Wall x12 |
| 12:12 | Mr. Spectate · first_building Barracks |
| 12:17 | Mashi-www.kick.com/panchin123 · wall_segment Palisade Wall x12 |
| 12:26 | DobleP · wall_segment Palisade Wall x1 |
| 12:43 | lasttruepoet · age_up feudal |
| 12:56 | lasttruepoet · wall_segment Stone Wall x6 |
| 12:58 | lasttruepoet · wall_segment Stone Wall x2 |
| 13:02 | lasttruepoet · wall_segment Stone Wall x3 |
| 13:14 | lasttruepoet · wall_segment Stone Wall x10 |
| 13:53 | oveja83 · first_market_sell 100 wood |
| 14:08 | Mr. Spectate · wall_segment Palisade Wall x1 |
| 14:23 | juanvitala · first_building Barracks |
| 14:29 | juanvitala · age_up feudal |
| 14:29 | wilderbeest1 · wall_segment Palisade Wall x9 |
| 14:43 | Mr. Spectate · age_up feudal |
| 15:16 | Mashi-www.kick.com/panchin123 · age_up feudal |
| 15:37 | Mr. Spectate · wall_segment Stone Wall x7 |
| 15:43 | Mashi-www.kick.com/panchin123 · wall_segment Stone Wall x9 |
| 15:46 | oveja83 · first_building Dock |
| 15:47 | Mashi-www.kick.com/panchin123 · wall_segment Stone Wall x9 |
| 15:50 | Mashi-www.kick.com/panchin123 · wall_segment Stone Wall x2 |
| 15:51 | wilderbeest1 · first_building Barracks |
| 16:03 | DobleP · age_up feudal |
| 16:14 | wilderbeest1 · first_building Dock |
| 16:42 | Mr. Spectate · wall_segment Stone Wall x10 |
| 16:49 | oveja83 · first_building Barracks |
| 17:17 | wilderbeest1 · age_up feudal |
| 17:21 | Mashi-www.kick.com/panchin123 · wall_segment Stone Wall x9 |
| 17:42 | oveja83 · first_building Archery Range |
| 17:58 | DobleP · wall_segment Stone Wall x12 |
| 18:22 | guigui14970 · age_up feudal |
| 18:53 | DobleP · first_building Stable |
| 19:01 | lasttruepoet · wall_segment Stone Wall x1 |
| 19:05 | oveja83 · first_building Stable |
| 19:19 | lasttruepoet · wall_segment Stone Wall x5 |
| 19:22 | guigui14970 · first_market_sell 100 food |
| 19:23 | lasttruepoet · wall_segment Stone Wall x14 |
| 19:27 | lasttruepoet · wall_segment Stone Wall x8 |
| 19:48 | lasttruepoet · wall_segment Stone Wall x12 |
| 20:11 | DobleP · age_up castle |
| 20:32 | lasttruepoet · age_up castle |
| 20:36 | lasttruepoet · wall_segment Stone Wall x6 |
| 20:45 | lasttruepoet · wall_segment Stone Wall x7 |
| 21:12 | DobleP · wall_segment Stone Wall x13 |
| 21:21 | DobleP · first_building Monastery |
| 21:22 | wilderbeest1 · wall_segment Stone Wall x22 |
| 21:50 | lasttruepoet · wall_segment Stone Wall x17 |
| 22:06 | guigui14970 · age_up castle |
| 22:10 | Mr. Spectate · wall_segment Stone Wall x17 |
| 22:12 | Mashi-www.kick.com/panchin123 · age_up castle |
| 22:16 | wilderbeest1 · wall_segment Stone Wall x20 |
| 22:58 | lasttruepoet · wall_segment Stone Wall x14 |
| 23:36 | DobleP · first_building Castle |
| 23:40 | oveja83 · first_building Siege Workshop |
| 24:06 | Mr. Spectate · first_building Dock |
| 24:56 | oveja83 · first_market_buy 100 food |
| 25:25 | juanvitala · age_up castle |
| 25:39 | Mr. Spectate · wall_segment Stone Wall x17 |
| 26:05 | wilderbeest1 · wall_segment Stone Wall x9 |
| 26:08 | lasttruepoet · wall_segment Stone Wall x1 |
| 26:12 | lasttruepoet · wall_segment Stone Wall x19 |
| 26:25 | guigui14970 · first_building Monastery |
| 26:33 | DobleP · first_building Siege Workshop |
| 27:35 | lasttruepoet · wall_segment Stone Wall x13 |
| 28:35 | wilderbeest1 · age_up castle |
| 28:42 | Mashi-www.kick.com/panchin123 · first_building Siege Workshop |
| 29:00 | Mr. Spectate · age_up castle |
| 29:35 | lasttruepoet · wall_segment Stone Wall x17 |
| 30:02 | lasttruepoet · wall_segment Stone Wall x22 |
| 30:14 | wilderbeest1 · first_building Stable |
| 31:10 | Mashi-www.kick.com/panchin123 · first_building Monastery |
| 31:10 | guigui14970 · first_building Barracks |
| 31:42 | wilderbeest1 · first_building Castle |
| 32:41 | Mashi-www.kick.com/panchin123 · first_building Castle |
| 32:43 | guigui14970 · first_building Castle |
| 32:43 | Mr. Spectate · first_building Siege Workshop |
| 32:52 | oveja83 · first_building Castle |
| 33:00 | guigui14970 · first_building Stable |
| 34:31 | wilderbeest1 · first_building Monastery |
| 34:53 | DobleP · first_building Archery Range |
| 35:11 | Mashi-www.kick.com/panchin123 · age_up imperial |
| 35:20 | DobleP · age_up imperial |
| 35:36 | Mr. Spectate · first_market_buy 100 wood |
| 35:52 | lasttruepoet · first_building Monastery |
| 35:57 | lasttruepoet · first_building Stable |
| 36:17 | Mr. Spectate · first_building Castle |
| 36:33 | lasttruepoet · first_market_sell 500 food |
| 36:36 | lasttruepoet · first_market_buy 500 stone |
| 36:42 | lasttruepoet · first_building Castle |
| 36:46 | Mr. Spectate · wall_segment Stone Wall x13 |
| 36:52 | Mashi-www.kick.com/panchin123 · first_building Barracks |
| 36:59 | guigui14970 · age_up imperial |
| 38:00 | wilderbeest1 · age_up imperial |
| 38:31 | juanvitala · first_building Castle |
| 38:50 | Mr. Spectate · first_building Archery Range |
| 40:21 | juanvitala · first_building Siege Workshop |
| 40:46 | guigui14970 · first_building Siege Workshop |
| 41:24 | Mr. Spectate · age_up imperial |
| 42:13 | Mr. Spectate · wall_segment Stone Wall x10 |
| 42:49 | lasttruepoet · age_up imperial |
| 43:58 | juanvitala · age_up imperial |
| 44:36 | wilderbeest1 · first_building Archery Range |
| 45:48 | DobleP · wall_segment Stone Wall x12 |
| 49:32 | wilderbeest1 · first_building Siege Workshop |
| 49:49 | Mr. Spectate · wall_segment Stone Wall x9 |
| 49:53 | Mashi-www.kick.com/panchin123 · resign |
| 51:03 | lasttruepoet · tribute_sent a jugador 2 |
| 51:03 | lasttruepoet · tribute_sent a jugador 3 |
| 51:03 | lasttruepoet · tribute_sent a jugador 4 |
| 51:03 | lasttruepoet · tribute_sent a jugador 5 |
| 51:03 | lasttruepoet · tribute_sent a jugador 6 |
| 51:03 | lasttruepoet · tribute_sent a jugador 7 |
| 51:03 | lasttruepoet · tribute_sent a jugador 8 |
| 51:06 | DobleP · wall_segment Stone Wall x12 |
| 51:32 | Mr. Spectate · wall_segment Stone Wall x14 |
| 53:20 | lasttruepoet · first_building Siege Workshop |
| 54:21 | DobleP · first_building Barracks |
| 60:33 | lasttruepoet · tribute_sent a jugador 2 |
| 60:33 | lasttruepoet · tribute_sent a jugador 3 |
| 60:33 | lasttruepoet · tribute_sent a jugador 4 |
| 60:33 | lasttruepoet · tribute_sent a jugador 5 |
| 60:33 | lasttruepoet · tribute_sent a jugador 6 |
| 60:33 | lasttruepoet · tribute_sent a jugador 7 |
| 60:33 | lasttruepoet · tribute_sent a jugador 8 |
| 62:19 | lasttruepoet · tribute_sent a jugador 2 |
| 62:19 | lasttruepoet · tribute_sent a jugador 3 |
| 62:19 | lasttruepoet · tribute_sent a jugador 4 |
| 62:19 | lasttruepoet · tribute_sent a jugador 5 |
| 62:19 | lasttruepoet · tribute_sent a jugador 6 |
| 62:19 | lasttruepoet · tribute_sent a jugador 7 |
| 62:19 | lasttruepoet · tribute_sent a jugador 8 |
| 62:33 | guigui14970 · tribute_sent a jugador 1 |
| 62:33 | guigui14970 · tribute_sent a jugador 2 |
| 62:33 | guigui14970 · tribute_sent a jugador 3 |
| 62:33 | guigui14970 · tribute_sent a jugador 4 |
| 62:33 | guigui14970 · tribute_sent a jugador 5 |
| 62:33 | guigui14970 · tribute_sent a jugador 6 |
| 62:33 | guigui14970 · tribute_sent a jugador 8 |
| 65:12 | lasttruepoet · tribute_sent a jugador 2 |
| 65:12 | lasttruepoet · tribute_sent a jugador 3 |
| 65:12 | lasttruepoet · tribute_sent a jugador 4 |
| 65:12 | lasttruepoet · tribute_sent a jugador 5 |
| 65:12 | lasttruepoet · tribute_sent a jugador 6 |
| 65:12 | lasttruepoet · tribute_sent a jugador 7 |
| 65:12 | lasttruepoet · tribute_sent a jugador 8 |
| 68:28 | juanvitala · wall_segment Palisade Wall x14 |
[ ANÁLISIS IA · 1 CRÉDITO ]
¿Qué pasó realmente en esta partida?
Wolo.gg analiza cada decisión: build order, eco, micro, errores típicos por bracket. Análisis personalizado por WhatsApp o Discord en 30 segundos.
Guía civ
Romanos
Guía mapa
Black Forest
Perfil
Jugador #314017